 Dungeon Crawl Stone Soup version 0.20.1-1-g8b1a95d (webtiles) character file.

35977 juspike the Fighter (level 13, -38/130 HPs)
             Began as a Minotaur Hunter on Oct 6, 2017.
             Was an Elder of Okawaru.
             Killed from afar by a tengu reaver (39 damage)
             ... with a fireball
             ... on level 1 of the Depths on Oct 8, 2017.
             The game lasted 04:04:20 (18892 turns).

juspike the Fighter (Minotaur Hunter)              Turns: 18892, Time: 04:04:21

Health: -38/130    AC: 29    Str: 20    XL:     13   Next: 50%
Magic:  16/16      EV: 15    Int: 11    God:    Okawaru [****..]
Gold:   451        SH: 17    Dex: 16    Spells: 12/12 levels left

rFire    . . .     SeeInvis .   M - +2 long sword (slice)
rCold    . . .     Gourm    .   x - +0 large shield
rNeg     + . .     Faith    .   A - +0 plate armour {rN+}
rPois    +         Spirit   .   V - +2 hat {Int+3}
rElec    .         Reflect  .   D - +2 cloak of Pathos {rPois Dex+3 Slay-3}
rCorr    .         Harm     .   W - +2 pair of gloves
MR       +....                  E - +0 pair of boots
Stlth    ..........             (no amulet)
Regen    0.4/turn               k - ring of protection from magic
MPRegen  0.2/turn               h - +2 ring of evasion

@: heroism, very slightly contaminated
A: retaliatory headbutt, horns 2, robust 1
a: Heroism, Renounce Religion


You were on level 1 of the Depths.
You worshipped Okawaru.
Okawaru was greatly pleased with you.
You were not hungry.

You visited 3 branches of the dungeon, and saw 17 of its levels.

You collected 777 gold pieces.
You spent 326 gold pieces at shops.

Inventory:

Hand Weapons
 a - a +1 hand crossbow
 d - a +1 battleaxe of freezing
 i - a +2 shortbow of freezing
 l - a +6 dagger
 u - a +0 great sword of holy wrath
 z - a +0 blowgun
 B - a +1 falchion of holy wrath
 G - a +2 dagger of electrocution
 M - a +2 long sword of slicing (weapon)
 U - a +0 arbalest
Missiles
 g - 175 bolts
 w - 3 javelins of penetration (quivered)
 y - 7 needles of frenzy
 Y - 2 needles of confusion
Armour
 m - a +3 plate armour
 v - a +0 troll leather armour
 x - a +0 large shield (worn)
 A - a +0 plate armour of positive energy (worn)
 D - the +2 cloak of Pathos (worn) {rPois Dex+3 Slay-3}
   (Okawaru gifted it to you on level 15 of the Dungeon)

   It affects your dexterity (+3).
   It affects your accuracy and damage with ranged weapons and melee attacks
   (-3).
   It protects you from poison.
 E - a +0 pair of boots (worn)
 L - a +0 buckler of protection
 V - a +2 hat of intelligence (worn)
 W - a +2 pair of gloves (worn)
Jewellery
 h - a +2 ring of evasion (right hand)
 k - a ring of protection from magic (left hand)
 s - an uncursed ring of protection from cold
 t - an uncursed ring of stealth
 J - an uncursed ring of fire
 T - the ring "Noos" {MR- MP+9 Str+3 Int+6 SInv}
   (You found it on level 12 of the Dungeon)

   [ring of magical power]

   It affects your strength (+3).
   It affects your intelligence (+6).
   It affects your resistance to hostile enchantments.
   It affects your magic capacity (+9).
   It lets you see invisible.
Wands
 c - a wand of disintegration (2/24)
 n - a wand of polymorph (9/24)
 q - a wand of scattershot (7/9)
 K - a wand of flame (30/48)
 Q - a wand of confusion (0/48)
 X - a wand of flame (13/48)
Scrolls
 e - 7 scrolls of teleportation
 o - a scroll of fog {unknown}
 F - a scroll of fear {unknown}
 H - a scroll of vulnerability {unknown}
 O - 3 scrolls of remove curse
 R - 2 scrolls of immolation
Potions
 b - 4 potions of flight
 j - a potion of berserk rage {unknown}
 p - 3 potions of curing
 r - 3 potions of brilliance {unknown}
 I - 2 potions of agility
 N - a potion of lignification
 S - a potion of resistance
 Z - 2 potions of magic {unknown}
Comestibles
 f - 8 bread rations
 P - 5 fruits


   Skills:
 + Level 12.4(17.4) Fighting
 - Level 7.9(14.5) Short Blades
 + Level 9.0(15.4) Long Blades
 + Level 10.7(15.7) Crossbows
 - Level 1.1(6.1) Throwing
 + Level 12.1(17.1) Armour
 * Level 10.7(15.7) Dodging
 - Level 1.1(6.1) Stealth
 * Level 5.2(10.2) Shields
 + Level 6.2 Invocations


You had 12 spell levels left.
You didn't know any spells.

Dungeon Overview and Level Annotations

Branches:
Dungeon (15/15)            Temple (1/1) D:7             Orc (0/2) D:12
 Vaults (0/5) D:14         Depths (2/5) D:15
   Lair: D:8-11

Altars:
Ashenzari
Cheibriados
Dithmenos
Elyvilon
Fedhas
Gozag
Hepliaklqana
Kikubaaqudgha
Makhleb
Okawaru
Qazlal
Ru
Sif Muna
Trog
Uskayaw
Vehumet
Xom
Yredelemnul
Zin
The Shining One

Shops:
D:4 :[   D:5 !   D:11 !   D:12 (


Innate Abilities, Weirdness & Mutations

You reflexively headbutt those who attack you in melee.
You have a pair of horns on your head.
You are robust. (+10% HP)


Message History

Aiming: Confuse (will waste charges)
Press: ? - help, Shift-Dir - straight line, f - tengu reaver
Aim: a tengu reaver, wielding a great mace and wearing a ring mail (lightly wounded, chance to defeat MR: 15%)
The tengu reaver resists with almost no effort.
Evoking this partially-identified wand wasted a few charges.
The tengu reaver casts a spell at you. The bolt of magma hits you!
* * * LOW HITPOINT WARNING * * *
The battlesphere fires!
The barrage of energy hits you!
* * * LOW HITPOINT WARNING * * *
Blink to where?
Press: ? - help, Dir - move target cursor, f - you, p - tengu reaver
Okay, then.
Blink to where?
Press: ? - help, Dir - move target cursor You are very lightly contaminated with residual magic.
As you read the scroll of blinking, it crumbles to dust.
The tengu reaver gestures at you while chanting.
The fireball explodes!
The fireball engulfs you!
You die...

#... #. #...
'. #....#.
####+#
#...$#'##
....>.
........##
......
........'
.... ######
#......#....
#..>@#...
##...#..
##..#.
#...#+###
##......#
#......#
#Q.*...#
#.ยง..*.#
#......#


You could see a tengu reaver and a battlesphere.

Vanquished Creatures
  Gastronok (D:9)
  3 very ugly things (Depths:2)
  An ettin (Depths:2)
  A rakshasa (Depths:2)
  4 centaur warriors
  A vault guard (D:14)
  9 two-headed ogres
  2 tengu warriors (D:15)
  A deep troll (D:15)
  A wizard (D:14)
  A deep elf mage (D:14)
  3 ugly things (Depths:2)
  3 cyclopes
  A manticore (D:14)
  Joseph (D:10)
  A gargoyle (D:14)
  A kobold demonologist (D:14)
  A komodo dragon (D:14)
  2 tengu conjurers (Depths:2)
  2 trolls
  5 slime creatures (D:12)
  6 hippogriffs
  A wraith (D:10)
  A spriggan (D:7)
  3 wyverns
  A shadow (D:12)
  6 yaks (D:14)
  A warg (D:12)
  5 hungry ghosts
  A steam dragon (D:12)
  8 vampire mosquitoes (D:14)
  A soldier ant (D:10)
  A water moccasin (D:12)
  10 orc warriors
  6 sky beasts
  2 black bears (D:7)
  An ice beast (D:7)
  3 phantoms
  9 ogres
  An eye of draining (D:15)
  8 centaurs
  A big kobold (D:7)
  11 bullfrogs
  A wyvern zombie (D:12)
  A wyvern skeleton (D:11)
  2 scorpions
  6 killer bees
  5 electric eels
  6 crimson imps
  3 centaur zombies
  6 hounds
  2 jellies
  4 centaur skeletons
  13 orc wizards
  3 bullfrog skeletons
  5 orc priests
  9 iguanas
  11 worker ants
  A howler monkey zombie (D:7)
  18 adders
  5 gnolls
  4 shadow imps
  An adder skeleton (D:9)
  3 worms
  2 dart slugs (D:1)
  5 leopard geckos
  49 orcs
  11 bats
  3 giant cockroaches
  6 goblins
  7 hobgoblins
  4 jackals
  7 quokkas
  8 frilled lizards
  A jackal zombie (D:5)
  19 kobolds
  A quokka zombie (D:6)
  6 rats
  2 bushes (D:1)
  2 plants (D:9)
374 creatures vanquished.

Vanquished Creatures (others)
  An orc wizard (D:14)
  8 plants
9 creatures vanquished.

Grand Total: 383 creatures vanquished

Notes
Turn   | Place    | Note
-------+----------+-------------------------------------------
     0 | D:1      | juspike the Minotaur Hunter began the quest for the Orb.
     0 | D:1      | Reached XP level 1. HP: 18/18 MP: 0/0
   144 | D:1      | Reached XP level 2. HP: 25/25 MP: 1/1
   149 | D:1      | Reached skill level 5 in Crossbows
   661 | D:1      | Reached XP level 3. HP: 30/30 MP: 2/2
  1337 | D:2      | Found a stormy altar of Qazlal.
  1441 | D:2      | Reached skill level 1 in Armour
  1587 | D:2      | Reached skill level 1 in Stealth
  1587 | D:2      | Reached XP level 4. HP: 37/37 MP: 3/3
  1884 | D:2      | Found a shimmering altar of Xom.
  2293 | D:3      | Noticed a phantom
  2312 | D:3      | Killed a phantom
  2312 | D:3      | Reached XP level 5. HP: 42/45 MP: 4/4
  2878 | D:3      | Reached XP level 6. HP: 52/52 MP: 5/5
  3610 | D:4      | Found Yruom's Book Shop.
  3635 | D:4      | Found Reudaxto's Antique Armour Shoppe.
  3902 | D:5      | Entered Level 5 of the Dungeon
  4035 | D:5      | Reached XP level 7. HP: 60/60 MP: 6/6
  4080 | D:5      | Found Qoanank's Distillery.
  4089 | D:5      | Bought a potion of invisibility for 88 gold pieces
  4089 | D:5      | Bought a potion of heal wounds for 55 gold pieces
  4089 | D:5      | Bought a potion of curing for 33 gold pieces
  4190 | D:5      | Reached skill level 5 in Fighting
  4518 | D:5      | Found a glowing silver altar of Zin.
  4868 | D:6      | Found an iron altar of Okawaru.
  4913 | D:6      | Became a worshipper of Warmaster Okawaru
  4946 | D:6      | Reached XP level 8. HP: 59/69 MP: 7/7
  5219 | D:6      | Reached skill level 1 in Short Blades
  5712 | D:6      | Reached * piety under Okawaru
  5712 | D:6      | Reached skill level 5 in Armour
  6544 | D:7      | Reached XP level 9. HP: 71/78 MP: 8/8
  6579 | D:7      | Reached ** piety under Okawaru
  6871 | D:7      | Reached skill level 10 in Crossbows
  6871 | D:7      | Reached skill level 5 in Dodging
  7152 | D:7      | Gained mutation: You are robust. (+10% HP) [mutagenic meat]
  7338 | D:7      | Found a staircase to the Ecumenical Temple.
  7357 | Temple   | Entered the Ecumenical Temple
  7544 | D:7      | Reached *** piety under Okawaru
  7609 | D:7      | Found a bloodstained altar of Trog.
  7710 | D:7      | You fall through a shaft for 2 floors!
  7724 | D:9      | Reached skill level 1 in Invocations
  8361 | D:9      | Reached XP level 10. HP: 60/96 MP: 8/10
  8974 | D:9      | Noticed Gastronok
  9046 | D:9      | Killed Gastronok
  9046 | D:9      | Reached skill level 5 in Short Blades
  9321 | D:9      | Noticed a two-headed ogre
  9335 | D:9      | Killed a two-headed ogre
  9335 | D:9      | Received a gift from Okawaru
 10010 | D:10     | Entered Level 10 of the Dungeon
 10193 | D:10     | Noticed Joseph
 10218 | D:10     | Killed Joseph
 10218 | D:10     | Reached **** piety under Okawaru
 10789 | D:10     | Reached skill level 1 in Throwing
 10883 | D:10     | Noticed a two-headed ogre
 10889 | D:10     | Killed a two-headed ogre
 10889 | D:10     | Reached XP level 11. HP: 106/106 MP: 13/13
 10954 | D:10     | Received a gift from Okawaru
 11309 | D:11     | Noticed a two-headed ogre
 11318 | D:11     | Killed a two-headed ogre
 11318 | D:11     | Received a gift from Okawaru
 11381 | D:11     | Found Ablural's Distillery.
 11388 | D:11     | Bought a potion of resistance for 150 gold pieces
 11436 | D:11     | Got a bloodstained leather armour
 12059 | D:12     | Found a staircase to the Orcish Mines.
 12098 | D:12     | Noticed a two-headed ogre
 12124 | D:12     | Killed a two-headed ogre
 12124 | D:12     | Reached ***** piety under Okawaru
 12124 | D:12     | Reached skill level 10 in Fighting
 12292 | D:12     | Received a gift from Okawaru
 12292 | D:12     | Reached skill level 10 in Armour
 12317 | D:12     | Reached skill level 1 in Long Blades
 12529 | D:12     | Received a gift from Okawaru
 12727 | D:12     | Found a blossoming altar of Fedhas.
 12785 | D:12     | Got a scintillating turquoise ring
 12837 | D:12     | Found Riohojil's Weapon Emporium.
 13829 | D:13     | Received a gift from Okawaru
 14028 | D:13     | Found an opulent altar of Gozag.
 14337 | D:14     | Reached XP level 12. HP: 74/121 MP: 12/14
 14498 | D:14     | Noticed a two-headed ogre
 14502 | D:14     | Noticed a centaur warrior
 14509 | D:14     | Killed a two-headed ogre
 14509 | D:14     | Received a gift from Okawaru
 14535 | D:14     | Reached skill level 5 in Invocations
 14543 | D:14     | Killed a centaur warrior
 14707 | D:14     | Noticed a centaur warrior
 15138 | D:14     | Noticed a two-headed ogre
 15169 | D:14     | Killed a two-headed ogre
 15462 | D:14     | Reached skill level 5 in Long Blades
 15476 | D:14     | Noticed a centaur warrior
 15499 | D:14     | Killed a centaur warrior
 15499 | D:14     | Reached skill level 10 in Dodging
 16086 | D:14     | Found a glowing golden altar of the Shining One.
 16113 | D:14     | Noticed a centaur warrior
 16117 | D:14     | Noticed a vault guard
 16122 | D:14     | Received a gift from Okawaru
 16130 | D:14     | Killed a centaur warrior
 16150 | D:14     | Killed a vault guard
 16150 | D:14     | Received a gift from Okawaru
 16188 | D:14     | Found a gate to the Vaults.
 16245 | D:14     | Noticed a two-headed ogre
 16253 | D:14     | Killed a two-headed ogre
 16303 | D:15     | Entered Level 15 of the Dungeon
 16305 | D:15     | Noticed a two-headed ogre
 16315 | D:15     | Killed a two-headed ogre
 16344 | D:15     | Noticed a tengu warrior
 16374 | D:15     | Killed a tengu warrior
 16450 | D:15     | Identified the ring "Noos" {MR- MP+9 Str+3 Int+6 SInv} (You found it on level 12 of the Dungeon)
 16574 | D:15     | Reached skill level 1 in Shields
 16574 | D:15     | Reached XP level 13. HP: 129/129 MP: 16/16
 16661 | D:15     | Received a gift from Okawaru
 16761 | D:15     | Received a gift from Okawaru
 16793 | D:15     | Got a distressingly furry cloak {god gift}
 16799 | D:15     | Identified the +2 cloak of Pathos {rPois Dex+3 Slay-3} (Okawaru gifted it to you on level 15 of the Dungeon)
 16910 | D:15     | Found a staircase to the Depths.
 16916 | Depths:1 | Entered Level 1 of the Depths
 16917 | Depths:1 | Noticed a stone giant
 17102 | Depths:1 | You fall through a shaft!
 17915 | Depths:2 | Noticed a brown very ugly thing
 17915 | Depths:2 | Noticed a brown very ugly thing
 17917 | Depths:2 | Noticed a brown very ugly thing
 18007 | Depths:2 | Killed a cyan very ugly thing
 18016 | Depths:2 | Killed a white very ugly thing
 18016 | Depths:2 | Killed a green very ugly thing
 18016 | Depths:2 | Reached skill level 5 in Shields
 18451 | Depths:2 | Noticed an ettin
 18488 | Depths:2 | Killed an ettin
 18873 | Depths:1 | Noticed a tengu reaver
 18891 | Depths:1 | HP: 1/130 [battlesphere[a tengu reaver] (17)]
 18892 | Depths:1 | Killed from afar by a tengu reaver

Skill      XL: |  1  2  3  4  5  6  7  8  9 10 11 12 13 |
---------------+----------------------------------------+-----
Crossbows      | 5 6 7 9 10 | 10.7
Armour         | 1 2 4 6 7 9 10 11 12 | 12.1
Stealth        | 1 |  1.1
Fighting       | 3 4 5 6 7 9 11 12 | 12.4
Short Blades   | 3 4 6 7 |  7.9
Dodging        | 4 6 8 9 10 | 10.7
Invocations    | 1 4 5 6 |  6.2
Throwing       | 1 |  1.1
Long Blades    | 3 7 9 |  9.0
Shields        | 1 5 |  5.2

Action                   |  1- 3 |  4- 6 |  7- 9 | 10-12 | 13-15 || total
-------------------------+-------+-------+-------+-------+-------++-------
Melee: Dagger            |   134 |       |   373 |   378 |    55 ||   940
       Headbutt          |    71 |       |    63 |   115 |    51 ||   300
       Club              |    38 |       |       |       |       ||    38
       Short sword       |    16 |       |       |       |       ||    16
       Great sword       |       |       |       |    59 |     9 ||    68
       Long sword        |       |       |       |    52 |    70 ||   122
       Falchion          |       |       |       |     5 |     7 ||    12
       Hand crossbow     |       |       |       |     3 |       ||     3
       Punch             |       |       |       |     1 |       ||     1
 Fire: Hand crossbow     |    85 |   191 |   151 |   263 |     9 ||   699
       Blowgun           |       |       |       |     4 |     1 ||     5
       Shortbow          |       |       |       |    20 |       ||    20
       Arbalest          |       |       |       |       |    10 ||    10
Throw: Throwing net      |       |       |     1 |       |       ||     1
       Javelin           |       |       |       |    15 |     3 ||    18
Invok: Heroism           |       |       |     3 |    50 |    16 ||    69
Evoke: Wand              |       |       |     1 |    10 |     9 ||    20
  Use: Scroll            |     2 |       |    10 |    18 |     5 ||    35
       Potion            |       |     2 |     6 |     5 |     6 ||    19
 Stab: Confused          |       |       |       |       |     1 ||     1
  Eat: Royal jelly       |     1 |       |       |     3 |       ||     4
       Chunk             |       |     4 |     4 |     4 |       ||    12
       Meat ration       |       |     1 |     1 |     2 |       ||     4
       Bread ration      |       |       |     1 |     4 |     1 ||     6
       Fruit             |       |       |       |     1 |       ||     1
Armor: Leather armour    |     3 |     3 |       |       |       ||     6
       Plate armour      |       |    70 |   258 |   328 |    48 ||   704
       Skin              |       |       |    11 |       |     9 ||    20
       Troll leather arm |       |       |       |       |    20 ||    20
Dodge: Dodged            |    14 |    40 |   142 |   316 |    76 ||   588
Block: Large shield      |       |       |       |    22 |    50 ||    72
       Buckler           |       |       |       |     3 |    11 ||    14
       Rpst.: Great sword |       |       |       |    20 |       ||    20
       Long sword        |       |       |       |     8 |     5 ||    13
       Falchion          |       |       |       |       |     1 ||     1
